Map: Galactic Process LE

Players

Bails

  • Race: Protoss Protoss
  • League: Grandmaster

KingLucky - Winner!

  • Race: Protoss Protoss
  • League: Grandmaster

Event: Cheesadelphia Summer 2016

VOD

Have the link to the VOD?

Description

Time

  • Played on: July 24, 2016, 12:49 p.m.
  • Length: 17:27

All games in this series

Show
View Real Time Build Order
Export as new Build Order

Bails Protoss 

Build Orders: Blink Stalkers 

Get SALT Encoding   

  12  0:00  Probe (Chrono Boost)  
  13  0:11  Probe (Chrono Boost)  
  14  0:17  Pylon  
  14  0:22  Probe (Chrono Boost)  
  15  0:35  Probe (Chrono Boost)  
  16  0:36  Gateway  
  16  0:45  Probe (Chrono Boost)  
  16  0:47  Assimilator  
  17  0:51  Assimilator  
  17  0:56  Probe (Chrono Boost)  
  18  1:07  Probe (Chrono Boost)  
  18  1:10  Gateway  
  19  1:17  Probe (Chrono Boost)  
  20  1:24  Cybernetics Core  
  20  1:28  Probe (Chrono Boost)  
  21  1:35  Pylon  
  21  1:39  Probe (Chrono Boost)  
  22  1:49  Probe (Chrono Boost)  
  22  1:50  Warp Gate  
  23  2:00  Stalker x2  
  27  2:14  Mothership Core (Chrono Boost)  
  29  2:21  Pylon  
  29  2:30  Stalker  
  31  2:39  Stalker  
  33  3:05  Nexus  
  33  3:09  Sentry x2  
  37  3:16  Pylon  
  38  3:20  Probe (Chrono Boost)  
  38  3:31  Twilight Council  
  38  3:34  Probe (Chrono Boost)  
  39  3:45  Probe (Chrono Boost)  
  41  3:55  Probe (Chrono Boost)  
  41  3:56  Blink  
  41  4:02  Sentry  
  41  4:05  Pylon  
  41  4:07  Probe (Chrono Boost)  
  44  4:17  Gateway  
  44  4:19  Probe (Chrono Boost)  
  44  4:20  Probe (Chrono Boost)  
  46  4:31  Probe (Chrono Boost), Robotics Facility  
  47  4:34  Probe (Chrono Boost)  
  48  4:43  Probe (Chrono Boost)  
  48  4:44  Stalker  
  48  4:45  Probe (Chrono Boost)  
  52  4:51  Pylon  
  52  4:55  Probe (Chrono Boost), Stalker  
  52  4:58  Probe (Chrono Boost)  
  57  5:07  Probe (Chrono Boost)  
  57  5:09  Probe (Chrono Boost), Stalker  
  60  5:17  Observer  
  60  5:19  Probe (Chrono Boost)  
  63  5:22  Probe (Chrono Boost)  
  63  5:26  Nexus  
  63  5:30  Pylon  
  63  5:33  Immortal  
  63  5:42  Assimilator  
  68  5:44  Probe (Chrono Boost)  
  68  5:48  Sentry  
  71  5:50  Assimilator  
  71  5:55  Pylon  
  71  5:56  Zealot x2  
  74  6:02  Probe x2 (Chrono Boost)  
  74  6:03  Pylon  
  76  6:07  Immortal  
  76  6:14  Probe (Chrono Boost)  
  76  6:18  Stalker  
  83  6:21  Stalker  
  86  6:27  Probe (Chrono Boost)  
  86  6:35  Resonating Glaives, Gateway  
  86  6:36  Gateway  
  86  6:40  Sentry  
  86  6:42  Stalker  
  86  6:47  Assimilator  
  90  6:49  Gateway  
  90  6:53  Adept  
  92  7:03  Pylon  
  92  7:04  Stalker  
  92  7:05  Stalker  
  92  7:08  Pylon  
  96  7:11  Probe (Chrono Boost)  
  96  7:12  Probe x2 (Chrono Boost)  
  99  7:19  Stalker  
  99  7:21  Probe (Chrono Boost)  
  99  7:22  Observer  
  102  7:25  Probe (Chrono Boost)  
  102  7:28  Probe (Chrono Boost)  
  105  7:32  Probe (Chrono Boost)  
  105  7:35  Stalker  
  109  7:37  Probe (Chrono Boost)  
  109  7:38  Immortal  
  109  7:40  Probe (Chrono Boost)  
  109  7:44  Stalker x2  
  116  7:47  Probe (Chrono Boost)  
  116  7:50  Probe (Chrono Boost)  
  120  7:52  Pylon  
  120  7:56  Pylon  
  121  8:00  Probe (Chrono Boost)  
  113  8:09  Stalker x4  
  117  8:13  Probe (Chrono Boost), Immortal  
  117  8:15  Probe (Chrono Boost)  
  114  8:28  Adept x2  
  114  8:29  Probe (Chrono Boost)  
  114  8:33  Probe (Chrono Boost)  
  112  8:36  Probe (Chrono Boost)  
  112  8:37  Stalker x2, Assimilator  
  113  8:41  Adept x2  
  113  8:44  Probe (Chrono Boost)  
  113  8:47  Immortal  
  106  8:57  Sentry x2  
  110  9:03  Gateway  
  110  9:06  Adept x2  
  110  9:07  Assimilator  
  110  9:09  Adept, Gateway  
  116  9:11  Adept  
  116  9:16  Dark Shrine  
  118  9:19  Pylon  
  118  9:21  Warp Prism  
  120  9:36  Stalker x2  
  120  9:37  Adept, Stalker  
  128  9:48  Adept  
  128  9:51  Stalker  
  129  9:53  Probe (Chrono Boost)  
  129  9:54  Probe (Chrono Boost)  
  129  9:58  Probe (Chrono Boost)  
  131  10:05  Probe (Chrono Boost), Adept x2, Sentry  
  131  10:06  Adept x2  
  131  10:07  Probe (Chrono Boost)  
  140  10:09  Probe (Chrono Boost)  
  139  10:17  Probe (Chrono Boost)  
  140  10:24  Pylon  
  140  10:28  Sentry  
  142  10:34  Nexus  
  142  10:36  Dark Templar x3  
  142  10:37  Immortal  
  152  10:42  Pylon  
  142  11:01  Adept x4  
  150  11:04  Stargate  
  150  11:06  Stargate  
  150  11:10  Pylon  
  150  11:14  Adept  
  150  11:15  Adept x3  
  150  11:18  Charge  
  158  11:29  Probe (Chrono Boost)  
  145  11:42  Immortal, Pylon  
  145  11:45  Phoenix  
  145  11:46  Forge, Phoenix  
  147  11:52  Adept  
  147  11:53  Adept x2  
  147  11:54  Adept  
  157  11:55  Adept  
  157  11:59  Probe (Chrono Boost), Adept  
  154  12:01  Adept  
  154  12:07  Phoenix  
  154  12:08  Phoenix  
  140  12:25  Dark Templar  
  140  12:29  Phoenix  
  131  12:30  Phoenix  
  101  13:42  Nexus  
  89  14:59  Pylon  
  89  15:03  Pylon x2  
  89  15:04  Pylon  
  89  16:04  Gateway  
  89  16:05  Gateway  
  88  16:14  Assimilator  
Show
View Real Time Build Order
Export as new Build Order

KingLucky Protoss - Winner!

Build Orders:  

Get SALT Encoding   

  12  0:01  Probe (Chrono Boost)  
  13  0:11  Probe (Chrono Boost)  
  14  0:17  Pylon  
  14  0:22  Probe (Chrono Boost)  
  15  0:35  Probe (Chrono Boost)  
  16  0:37  Gateway  
  16  0:41  Assimilator  
  16  0:46  Probe (Chrono Boost)  
  17  0:51  Assimilator  
  17  0:56  Probe (Chrono Boost)  
  18  1:07  Probe (Chrono Boost)  
  18  1:08  Gateway  
  19  1:17  Probe (Chrono Boost)  
  20  1:24  Cybernetics Core  
  20  1:28  Probe (Chrono Boost)  
  21  1:38  Probe (Chrono Boost), Pylon  
  22  1:49  Probe (Chrono Boost)  
  23  1:59  Stalker  
  23  2:00  Stalker  
  27  2:05  Mothership Core (Chrono Boost)  
  27  2:06  Warp Gate  
  29  2:15  Pylon  
  29  2:31  Stalker  
  29  2:32  Stalker  
  33  2:41  Probe (Chrono Boost)  
  34  3:02  Nexus  
  33  3:09  Probe (Chrono Boost)  
  34  3:18  Robotics Facility  
  34  3:25  Sentry x2  
  38  3:28  Probe (Chrono Boost)  
  39  3:41  Pylon  
  39  3:51  Probe (Chrono Boost)  
  38  4:01  Twilight Council  
  38  4:02  Probe (Chrono Boost)  
  39  4:05  Pylon  
  39  4:06  Observer  
  40  4:13  Probe (Chrono Boost)  
  40  4:14  Probe (Chrono Boost)  
  42  4:22  Blink  
  42  4:23  Probe (Chrono Boost)  
  43  4:25  Probe (Chrono Boost)  
  43  4:27  Forge  
  44  4:35  Probe (Chrono Boost)  
  44  4:36  Probe (Chrono Boost)  
  46  4:45  Protoss Ground Weapons Level 1  
  46  4:46  Probe (Chrono Boost)  
  46  4:48  Probe (Chrono Boost)  
  46  4:52  Immortal  
  52  4:57  Probe (Chrono Boost)  
  54  5:00  Probe (Chrono Boost)  
  54  5:09  Probe (Chrono Boost)  
  54  5:12  Probe (Chrono Boost)  
  54  5:13  Gateway  
  56  5:14  Pylon  
  57  5:21  Probe (Chrono Boost)  
  57  5:24  Probe (Chrono Boost)  
  57  5:28  Sentry  
  60  5:33  Probe (Chrono Boost), Assimilator  
  61  5:36  Immortal, Assimilator  
  61  5:42  Pylon  
  65  5:46  Probe x2 (Chrono Boost)  
  69  5:58  Probe x2 (Chrono Boost)  
  69  6:00  Sentry  
  71  6:10  Probe (Chrono Boost)  
  72  6:12  Immortal  
  72  6:13  Probe (Chrono Boost)  
  77  6:22  Probe (Chrono Boost), Resonating Glaives, Nexus  
  79  6:25  Probe (Chrono Boost)  
  79  6:28  Pylon  
  79  6:32  Protoss Ground Weapons Level 2  
  80  6:34  Probe (Chrono Boost)  
  80  6:36  Sentry x2  
  80  6:39  Adept  
  86  6:46  Warp Prism  
  87  6:47  Probe (Chrono Boost)  
  87  6:48  Pylon  
  89  6:56  Gateway  
  89  6:57  Gateway  
  89  7:00  Probe (Chrono Boost)  
  91  7:03  Probe (Chrono Boost)  
  91  7:08  Adept x2  
  91  7:10  Sentry  
  91  7:13  Probe (Chrono Boost)  
  91  7:14  Pylon  
  91  7:15  Probe (Chrono Boost)  
  99  7:25  Probe (Chrono Boost)  
  99  7:27  Immortal  
  99  7:28  Probe (Chrono Boost)  
  99  7:29  Pylon  
  101  7:35  Adept x2  
  101  7:36  Adept  
  113  7:45  Probe x2 (Chrono Boost)  
  113  7:50  Probe (Chrono Boost)  
  114  7:53  Robotics Bay  
  114  7:56  Adept x2  
  114  7:57  Probe (Chrono Boost)  
  114  7:58  Probe (Chrono Boost)  
  118  8:10  Adept x3  
  120  8:13  Immortal  
  120  8:15  Probe (Chrono Boost)  
  123  8:23  Probe (Chrono Boost)  
  123  8:25  Probe (Chrono Boost)  
  123  8:26  Robotics Facility  
  125  8:32  Sentry x2, Adept x2  
  127  8:35  Adept  
  127  8:47  Disruptor  
  117  8:51  Probe (Chrono Boost)  
  117  8:54  Adept x2  
  117  8:55  Adept  
  123  9:02  Assimilator  
  123  9:05  Assimilator, Pylon  
  123  9:07  Probe (Chrono Boost)  
  123  9:08  Probe (Chrono Boost)  
  123  9:09  Pylon  
  126  9:10  Probe (Chrono Boost)  
  126  9:15  Stalker x2  
  126  9:16  Stalker  
  132  9:24  Photon Cannon, Disruptor  
  135  9:34  Adept x2  
  135  9:37  Disruptor  
  140  9:49  Adept x3  
  146  9:57  Gateway x2  
  146  10:01  Gateway  
  146  10:04  Pylon  
  142  10:10  Disruptor  
  134  10:17  Stalker x3  
  134  10:18  Stalker x2  
  147  10:26  Warp Prism  
  149  10:30  Photon Cannon  
  149  10:33  Pylon, Nexus  
  149  10:34  Photon Cannon  
  149  10:37  Pylon  
  149  10:44  Disruptor  
  150  10:58  Photon Cannon  
  150  11:01  Pylon  
  150  11:02  Disruptor  
  153  11:05  Dark Shrine  
  153  11:07  Photon Cannon  
  153  11:15  Stalker x5, Disruptor  
  164  11:42  Zealot x7  
  164  11:43  Zealot  
  164  11:46  Disruptor  
  186  12:00  Gateway  
  186  12:01  Gateway  
  186  12:03  Pylon  
  182  12:13  Stalker x2  
  182  12:20  Dark Shrine  
  178  12:24  Gateway  
  178  12:26  Gateway  
  178  12:28  Gateway  
  178  12:29  Stalker x4  
  183  12:30  Stalker x2  
  176  12:46  Cybernetics Core  
  170  12:58  Pylon  
  170  13:00  Pylon x2  
  169  13:19  Dark Templar x2  
  169  13:20  Dark Templar  
  169  13:24  Archon  
  159  13:29  Dark Templar x3  
  155  13:36  Archon x2  
  129  13:52  Dark Templar x2  
  129  13:53  Dark Templar  
  135  14:00  Gateway  
  135  14:03  Dark Templar x3, Archon  
  135  14:09  Pylon x2  
  137  14:11  Nexus  
  137  14:12  Archon x2  
  132  14:23  Pylon  
  129  14:31  Nexus  
  125  14:43  Disruptor x4  
  125  14:44  Disruptor  
  124  15:02  Pylon  
  122  15:59  Probe (Chrono Boost)  
  122  16:03  Gateway  
  123  16:05  Zealot, Gateway  
  123  16:07  Gateway  
  123  16:10  Probe (Chrono Boost)  
  121  16:36  Robotics Facility  
  105  17:10  Stalker  
Tags
 
Add a new tag
Caveats
  • Supply blocks, unpowered buildings, or Contaminate may cause inaccurate times.
  • Supply counts are checked every 10 seconds.